Unix NetHack Version 5.0.0-0 post-release - last build May 23 2026 06:08:33 (1c0ff79ee797540d5714e4e18072db0edd9e58ae,branch:main).

Game began 2026-05-25 16:51:15, ended 2026-05-25 17:10:15.

Atomicjoy, chaotic male elven Wizard

                                                ---
                              .......-......    |.--
                             -..............--- |...--
                            --...............|.- -.).----
                        -----..............##...|--......-
                       ........--..........--#.---.)......
                  ----  ----....          . ...**..*...*%.
                  |..--  ----.-.             ---....--<...
                  |..%----.h.G..-              -.-..--...-
                  ---...@[.---..|               . .......|
                    -------- ----                 .......|
                                                  .....--
                                                  ....--
                                                  -.---

Atomicjoy the Conjurer    St:14 Dx:13 Co:12 In:20 Wi:8 Ch:12  Chaotic
Dlvl:6  $:142 HP:22(33) Pw:14(23) AC:5  Xp:3/56 T:1713  Hungry   Burdened

Latest messages:
 The gnome lord wields 2 daggers!
 The large cat bites the gnome lord.
 The gnome lord thrusts one of his daggers at the large cat.
 The gnome lord hits the large cat.
 You have a sad feeling for a moment, then it passes.
 The hobbit shoots a gray stone!
 A gray stone misses you.
 The hobbit shoots a gray stone!
 You are hit by a gray stone.
 You are beginning to feel hungry.
 The hobgoblin wields a curved sword!
 The hobgoblin swings her curved sword.
 The hobgoblin misses!
 The hobgoblin swings her curved sword.
 The hobgoblin misses!
 The hobgoblin swings her curved sword.
 The hobgoblin misses!
 The hobgoblin swings her curved sword.
 The hobgoblin hits!
 The hobgoblin swings her curved sword.
 The hobgoblin hits!
 The hobgoblin swings her curved sword.
 The hobgoblin misses!
 In what direction? 6
 The spell hits the hobgoblin!
 You kill the hobgoblin!
 Your candle's flame flickers low!
 The gnome's candle's flame flickers low!
 In what direction? 6
 The spell hits the gnome!
 You kill the gnome!
 The newt bites!
 There is a gnome corpse here; eat it? [ynq] (n) y
 This gnome corpse is fatty.
 The newt misses!
 You stop eating the gnome corpse.
 You miss the newt.
 You miss the newt.
 The newt misses!
 You miss the newt.
 The newt bites!
 You kill the newt!
 There is a partly eaten gnome corpse here; eat it? [ynq] (n) y
 You resume your meal.
 The hobbit wields a thonged club!
 The hobbit secures the tether on the thonged club.
 You stop eating the gnome corpse.
 Really quit without saving? [yn] (n) y
 Do you want your possessions identified? [ynq] (y) y
 Do you want to see your attributes? [ynq] (y) q

Inventory:
 Coins    ('$')
  $ - 142 gold pieces
 Weapons  (')')
  P - 4 blessed +0 daggers
  V - 8 +0 daggers
  M - a rustproof +0 dwarvish spear
  a - a blessed +1 quarterstaff (weapon in hands)
 Armor    ('[')
  N - an uncursed +0 dwarvish iron helm (being worn)
  S - a blessed +1 pair of iron shoes (being worn)
  b - an uncursed burnt +0 cloak of magic resistance (being worn)
  Q - a cursed -1 dwarvish cloak
 Comestibles  ('%')
  s - an uncursed cream pie
  v - 2 uncursed food rations
  E - an uncursed lembas wafer
  t - 2 uncursed pears
 Scrolls  ('?')
  K - an uncursed scroll of create monster
 Potions  ('!')
  J - a cursed potion of oil
  L - a cursed potion of restore ability
  T - a cursed potion of sleeping
 Rings    ('=')
  e - an uncursed ring of regeneration
  d - an uncursed ring of see invisible
 Wands    ('/')
  c - a blessed wand of undead turning (0:8)
 Tools    ('(')
  X - an empty uncursed bag of holding
  u - an uncursed sack containing 16 items
  o - an uncursed wooden harp
  n - a magic marker (0:19)
  W - an uncursed partly used tallow candle (lit)
 Gems/Stones  ('*')
  R - an uncursed worthless piece of blue glass
  y - an uncursed worthless piece of orange glass
  O - an uncursed worthless piece of red glass
  F - an uncursed worthless piece of white glass
  H - an uncursed worthless piece of yellowish brown glass

Contents of the sack:
  an uncursed scroll of confuse monster
  an uncursed scroll of create monster
  an uncursed scroll of enchant armor
  2 uncursed scrolls of identify
  an uncursed spellbook of detect food
  an uncursed spellbook of detect monsters
  an uncursed spellbook of extra healing
  a blessed spellbook of force bolt
  an uncursed potion of booze
  2 uncursed potions of enlightenment
  a blessed potion of gain ability
  2 cursed potions of healing
  an uncursed potion of invisibility
  an uncursed potion of levitation
  an uncursed potion of speed
  2 uncursed potions of water

Atomicjoy the Wizard's attributes:

Background:
 You were a Conjurer, a level 3 male elven Wizard.
 You were chaotic, on a mission for Anhur
 who was opposed by Ptah (lawful) and Thoth (neutral).
 You were right-handed.
 You were in the Gnomish Mines, on level 6.
 You entered the dungeon 1713 turns ago.
 You had 56 experience points, 24 more were needed to attain level 4.

Basics:
 You had 22 out of 33 hit points.
 You had 14 out of 23 energy points (spell power).
 Your armor class was 5.
 Your wallet contained 142 zorkmids.
 Autopickup was off.

Final Characteristics:
 Your strength was 14 (limit:18).
 Your dexterity was 13 (limit:18).
 Your constitution was 12 (limit:16).
 Your intelligence was 20 (limit:20).
 Your wisdom was 8 (limit:20).
 Your charisma was 12 (limit:18).

Final Status:
 You were hungry.
 You were burdened; movement was slightly slowed.
 You were wielding a quarterstaff.
 You had basic skill with quarterstaff.

Final Attributes:
 You were devoutly aligned.
 You were magic-protected.
 You had infravision.
 You were warded.
 You survived.

Miscellaneous:
 You didn't encounter any bones levels.
 Total elapsed playing time was 18 minutes and 59 seconds.

Major events:
 Turn
    1: Atomicjoy the chaotic male elven Wizard entered the dungeon
 1407: entered the Gnomish Mines
 1475: attained the rank of Conjurer (level 3)
 1713: quit

Spells:
 Name                 Level Category     Fail Retention
 force bolt             1   attack         0%  91%-100%
 extra healing          3   healing       79%  76%-100%
 detect monsters        1   divination     0%  76%-100%
 detect food            2   divination    52%  76%-100%

Skills:
 Fighting Skills
   bare handed combat [Unskilled]
   riding             [Unskilled]
 Weapon Skills
   dagger             [Unskilled]
   knife              [Unskilled]
   axe                [Unskilled]
   short sword        [Unskilled]
   club               [Unskilled]
   mace               [Unskilled]
   quarterstaff       [Basic]
   polearms           [Unskilled]
   spear              [Unskilled]
   trident            [Unskilled]
   sling              [Unskilled]
   dart               [Unskilled]
   shuriken           [Unskilled]
 Spellcasting Skills
   attack spells      [Basic]
   healing spells     [Unskilled]
   divination spells  [Unskilled]
   enchantment spells [Basic]
   clerical spells    [Unskilled]
   escape spells      [Unskilled]
   matter spells      [Unskilled]

Voluntary challenges:
 Character rerolling was not enabled.
 You never genocided any monsters.
 You never polymorphed an object.
 You never changed form.
 You used no wishes.
Achievements:
 You entered the Gnomish Mines.
 You attained the rank of Conjurer.

 The Dungeons of Doom: levels 1 to 6
    Level 1:
    Level 2:
       Many fountains.
    Level 3:
       A sink.
    Level 4:
       Stairs down to The Gnomish Mines.
    Level 5:
    Level 6:
 The Gnomish Mines: levels 5 to 6
    Level 5:
    Level 6: <- You were here.


Vanquished creatures:
  a large cat
  2 gnome leaders
  a floating eye
  4 dwarves
  a homunculus
 an iguana
  2 acid blobs
  2 coyotes
  a large kobold
  a hobgoblin
  2 giant rats
  a yellow mold
 16 gnomes
  a gnome zombie
  2 geckos
  5 jackals
  a fox
  2 sewer rats
  3 grid bugs
  a kobold zombie
  5 newts
55 creatures vanquished.

No species were genocided or became extinct.

Goodbye Atomicjoy the Wizard...

You quit in The Gnomish Mines on dungeon level 6 with 616 points,
and 142 pieces of gold, after 1713 moves.
You were level 3 with a maximum of 33 hit points when you quit.

